 Dungeon Crawl Stone Soup version 0.21.1-1-g345015f (webtiles) character file.

725 inc the Cudgeler (level 7, 70/70 HPs)
             Began as an Ogre Fighter on June 16, 2018.
             Was a Follower of Okawaru.
             Quit the game on level 5 of the Dungeon.
             The game lasted 00:08:23 (4902 turns).

inc the Cudgeler (Ogre Fighter)                     Turns: 4902, Time: 00:08:24

Health: 70/70      AC:  4    Str: 21    XL:     7   Next: 71%
Magic:  7/7        EV:  9    Int: 11    God:    Okawaru [*.....]
Gold:   357        SH:  9    Dex:  8    Spells: 6/6 levels left

rFire    . . .     SeeInvis .   a - +0 flail
rCold    + . .     Gourm    .   c - +0 shield
rNeg     . . .     Faith    .   b - +0 robe
rPois    .         Spirit   +   (helmet restricted)
rElec    .         Reflect  .   e - +0 cloak
rCorr    .         Harm     .   (gloves unavailable)
MR       .....                  (boots unavailable)
Stlth    +.........             r - amulet of guardian spirit
HPRegen  0.21/turn              w - ring of protection from cold
MPRegen  0.10/turn              (no ring)

@: no status effects
A: large, unfitting armour, tough skin 1
a: Heroism, Renounce Religion


You were on level 5 of the Dungeon.
You worshipped Okawaru.
Okawaru was aware of your devotion.
You were very hungry.

You visited 1 branch of the dungeon, and saw 5 of its levels.
You also visited: Sewer.

You collected 357 gold pieces.

Inventory:

Hand Weapons
 a - a +0 flail (weapon)
 z - a +0 giant club
Missiles
 k - 23 poisoned needles
 l - 8 needles of confusion
 x - 5 javelins (quivered)
Armour
 b - a +0 robe (worn)
 c - a +0 shield (worn)
 e - a +0 cloak (worn)
Jewellery
 h - an uncursed ring of fire
 r - an amulet of guardian spirit (around neck)
 v - an uncursed ring of ice
 w - a ring of protection from cold (left hand)
Scrolls
 d - 2 scrolls of random uselessness {unknown}
 i - 3 scrolls of teleportation {unknown}
 j - 5 scrolls of identify {unknown}
 n - 2 scrolls of remove curse {unknown}
 p - a scroll of amnesia {unknown}
 u - a scroll of enchant armour {unknown}
 y - a scroll of magic mapping {unknown}
Potions
 g - a potion of agility
 m - a potion of berserk rage {unknown}
 o - a potion of degeneration {unknown}
 q - a potion of heal wounds {unknown}
 s - 4 potions of flight {unknown}
 t - a potion of curing {unknown}
Comestibles
 f - 3 rations


   Skills:
 - Level 4.0 Fighting
 + Level 5.8 Maces & Flails
 - Level 2.6 Dodging
 + Level 5.7 Shields


You had 6 spell levels left.
You didn't know any spells.

Dungeon Overview and Level Annotations

Branches:
Dungeon (5/15)
 Temple: D:4-7

Altars:
Ashenzari
Okawaru
Ru

Annotations:
D:3 inc's ghost, amateur OgFi


Innate Abilities, Weirdness & Mutations

You are too large for most types of armour.
You have tough skin. (AC +1)


Message History

w - a ring of protection from cold (left hand)
There is a stone staircase leading down here.
There is a stone staircase leading down here.
You see here a flail.
There is a fountain of clear blue water here.
Things that are here:
a spear; a gnoll corpse x2
You see here a giant club.
z - a giant club You start resting.
Magic restored.
You start resting.
You feel a little less mighty now.
You start resting.
You are feeling very hungry.
You start resting.
HP restored.
Wield which item (- for none, * to show all)? (? for menu, Esc to quit)
You can't wield that with a shield.
Are you sure you want to abandon this character and quit the game? (Confirm with "yes".)

#.##.. ..###..#.#
.#
#.#.⌠#####⌠.##..#.#
#.#.##...##.#...#.#
#.#.#.⌠.⌠.#.##.##.#
#...#[.>..).##.#
###[#.⌠.⌠.#.#
#.##...##.#
#.⌠#####⌠.#
##.[.@)..##
#########


There were no monsters in sight!

Vanquished Creatures
  Eustachio (D:4)
  An ice beast (D:5)
  An ogre (D:5)
  A big kobold (Sewer)
  A bullfrog (D:5)
  A crimson imp (D:5)
  An orc priest (D:3)
  4 gnolls (D:5)
  3 adders
  4 river rats
  5 worms
  6 leopard geckos
  6 orcs
  3 ball pythons
  7 giant cockroaches
  5 hobgoblins
  6 jackals
  3 quokkas
  5 bats
  5 frilled lizards
  8 goblins
  9 kobolds
  18 rats
104 creatures vanquished.

Notes
Turn   | Place    | Note
-------+----------+-------------------------------------------
     0 | D:1      | inc the Ogre Fighter began the quest for the Orb.
     0 | D:1      | Reached XP level 1. HP: 24/24 MP: 1/1
   275 | D:1      | Reached XP level 2. HP: 31/32 MP: 2/2
  1035 | D:1      | Reached XP level 3. HP: 29/39 MP: 3/3
  1264 | D:2      | HP: 1/39 [gnoll/club (6)]
  1997 | D:2      | Reached XP level 4. HP: 47/48 MP: 4/4
  2593 | D:3      | Found an iron altar of Okawaru.
  2622 | D:3      | Became a worshipper of Warmaster Okawaru
  2728 | D:3      | Found a glowing drain.
  2749 | D:3      | Reached XP level 5. HP: 54/54 MP: 5/5
  2797 | Sewer    | Entered a sewer
  2984 | Sewer    | Noticed a big kobold
  3001 | Sewer    | Killed a big kobold
  3001 | Sewer    | Reached XP level 6. HP: 39/62 MP: 4/6
  3239 | Sewer    | Found a glowing silver altar of Zin.
  3343 | D:3      | Noticed a phantom
  3344 | D:3      | Noticed inc's ghost (amateur OgFi)
  3458 | D:4      | Noticed Eustachio
  3515 | D:4      | HP: 2/62 [river rat[Eustachio] (6)]
  3518 | D:4      | Killed Eustachio
  3939 | D:4      | Found a shattered altar of Ashenzari.
  3965 | D:4      | Reached skill level 5 in Maces & Flails
  4162 | D:4      | Found a sacrificial altar of Ru.
  4386 | D:5      | Entered Level 5 of the Dungeon
  4414 | D:5      | Reached skill level 5 in Shields
  4414 | D:5      | Reached XP level 7. HP: 28/70 MP: 4/7
  4484 | D:5      | Reached * piety under Okawaru
  4902 | D:5      | Quit the game

Skill      XL: |  1  2  3  4  5  6 |
---------------+-------------------+-----
Shields        | 3 4 5 |  5.7
Maces & Flails | 2 3 4 5 |  5.8
Fighting       | |  4.0
Dodging        | |  2.6

Action                   |  1- 3 |  4- 6 |  7- 9 || total
-------------------------+-------+-------+-------++-------
Melee: Flail             |   173 |   275 |    30 ||   478
  Use: Potion            |       |     2 |     1 ||     3
 Stab: Sleeping          |     2 |       |       ||     2
  Eat: Chunk             |     4 |     5 |       ||     9
       Ration            |       |     1 |       ||     1
Armor: Robe              |    90 |    72 |     1 ||   163
Dodge: Dodged            |   114 |   159 |     5 ||   278
Block: Shield            |    62 |    35 |    16 ||   113
